 Dungeon Crawl Stone Soup version 0.27-a0-421-g7ddf969dea (webtiles) character file.

Game seed: 8535088628857410028

50 Anon1729 the Grasshopper (level 3, 0/28 HPs)
             Began as a Demonspawn Warper on Feb 26, 2021.
             Slain by a jackal (3 damage)
             ... on level 2 of the Dungeon.
             The game lasted 00:01:36 (1910 turns).

Anon1729 the Grasshopper (Demonspawn Warper)        Turns: 1910, Time: 00:01:36

Health: 0/28       AC:  3    Str: 11    XL:     3   Next: 55%
Magic:  6/6        EV: 12    Int: 15    God:
Gold:   145        SH:  0    Dex: 12    Spells: 6/6 levels left

rFire    . . .     SeeInvis .   a - +0 short sword
rCold    . . .     Faith    .   (no shield)
rNeg     . . .     Spirit   .   b - +0 leather armour
rPois    .         Reflect  .   (no helmet)
rElec    .         Harm     .   (no cloak)
rCorr    .         Rampage  .   (no gloves)
Will     .....                  (no boots)
Stlth    +.........             (no amulet)
HPRegen  0.09/turn              (no ring)
MPRegen  0.10/turn              (no ring)

@: no status effects
A: claws 1
a: no special abilities


You were on level 2 of the Dungeon.
You visited 1 branch of the dungeon, and saw 2 of its levels.

You collected 145 gold pieces.

Inventory:

Hand Weapons
 a - a +0 short sword (weapon)
Missiles
 e - 5 boomerangs of dispersal (quivered)
Armour
 b - a +0 leather armour (worn)
Scrolls
 c - a scroll of enchant weapon {unknown}
 d - a scroll of blinking
 f - a scroll of magic mapping {unknown}
 g - a scroll of teleportation {unknown}
Potions
 h - a potion of curing {unknown}


   Skills:
 + Level 2.6 Fighting
 - Level 2.1 Short Blades
 - Level 1.1 Throwing
 + Level 1.3 Armour
 + Level 2.0 Dodging
 + Level 0.2 Unarmed Combat
 + Level 2.2 Spellcasting
 + Level 3.0 Translocations


You had 6 spell levels left.
You didn't know any spells.
Your spell library contained the following spells:

 Spells                   Type           Power        Failure   Level
 Blink                    Tloc           N/A          13%         2
 Gell's Gravitas          Tloc           5%           26%         3
 Lesser Beckoning         Tloc           5%           26%         3
 Teleport Other           Tloc           10%          26%         3
 Manifold Assault         Tloc           10%          63%         4


Dungeon Overview and Level Annotations

Branches:
Dungeon (2/15)

Altars:


Innate Abilities, Weirdness & Mutations

You have sharp fingernails.


Message History

The jackal closely misses you. The jackal misses you.
You barely miss the jackal.
The jackal is heavily wounded.
The jackal misses you.
You barely miss the jackal.
The jackal is heavily wounded.
The jackal misses you. The jackal closely misses you.
You closely miss the jackal.
The jackal is heavily wounded.
The jackal bites you.
* * * LOW HITPOINT WARNING * * *
You hit the jackal but do no damage.
The jackal is heavily wounded.
The jackal bites you but does no damage.
You hit the jackal but do no damage.
The jackal is heavily wounded.
The jackal bites you but does no damage.
The jackal barely misses you.
You closely miss the jackal.
The jackal is moderately wounded.
The jackal bites you.
* * * LOW HITPOINT WARNING * * *
You barely miss the jackal.
The jackal is moderately wounded.
The jackal barely misses you. The jackal completely misses you.
You barely miss the jackal.
The jackal is moderately wounded.
The jackal closely misses you.
You hit the jackal but do no damage.
The jackal is moderately wounded.
The jackal misses you.
A rat comes into view.
You hit the jackal.
The jackal is almost dead.
The jackal bites you but does no damage.
The jackal closely misses you.
You completely miss the jackal.
The jackal is almost dead.
The jackal bites you.
You die...

..#.######.....†...##...
..#................##...
.........#.......#####..
.........#.......##.....
.................++....#
.........####..........
.........# #.....)....
##.......#####.........
#.....@.......#...... (
#.....h†......#...... .
#.....##......#.######.
....... ......# ......
.##.... ......#####....
##... ...............
.... .....###....###
..... .....# #....#..
##...###....#..


You could see a jackal.

Vanquished Creatures
  2 worms (D:2)
  A dart slug (D:1)
  2 leopard geckos
  6 bats
  2 giant cockroaches
  7 goblins
  4 hobgoblins
  2 jackals (D:2)
  4 kobolds
  A ball python (D:1)
  6 rats
37 creatures vanquished.

Notes
Turn   | Place    | Note
-------+----------+-------------------------------------------
     0 | D:1      | Anon1729 the Demonspawn Warper began the quest for the Orb.
     0 | D:1      | Reached XP level 1. HP: 16/16 MP: 3/3
   227 | D:1      | Gained mutation: You have sharp fingernails. [demonic
                  | ancestry]
   227 | D:1      | Reached XP level 2. HP: 16/23 MP: 5/5
   450 | D:1      | Reached skill level 1 in Throwing
   936 | D:1      | Reached skill level 1 in Armour
  1062 | D:1      | Reached XP level 3. HP: 20/28 MP: 6/6
  1878 | D:2      | Reached skill level 3 in Translocations
  1910 | D:2      | Slain by a jackal

Illustrated notes

Levels and vault maps discovered:
D:1:      sevenhm_arrival_forest_fort_large_2, layout_loops_cross
D:2:      layout_basic, amethyst_killhole, uniq_jessica, uniq_crazy_yiuf_cottage

Skill      XL: |  1  2  3 |
---------------+----------+-----
Short Blades   | 2 |  2.1
Throwing       | 1 |  1.1
Armour         | 1 |  1.3
Dodging        | 2 |  2.0
Translocations | 3 |  3.0
Fighting       | |  2.6
Unarmed Combat | |  0.2
Spellcasting   | |  2.2

Action                   || total
-------------------------++-------
Melee: Short sword       ||   168
Armor: Leather armour    ||    70
Dodge: Dodged            ||   116

Table legend: (Time is in decaauts)
 A = Elapsed time spent in this place.
 B = Non-inter-level travel time spent in this place.
 C = Inter-level travel time spent in this place.
 D = Time resting spent in this place.
 E = Time spent auto-exploring this place.
 F = Levels seen in this place.
 G = Mean time per level.
                   A        B        C        D        E       F      G
               +--------+--------+--------+--------+--------+-----+--------+
         Total |   1909 |   1883 |     26 |      0 |   1601 |   2 |  954.5 |
       Dungeon |   1909 |   1883 |     26 |      0 |   1601 |   2 |  954.5 |
               +--------+--------+--------+--------+--------+-----+--------+

Top non-repeatable levels by time:
     D:1: 1330 daAuts
     D:2: 579 daAuts
